 Dungeon Crawl Stone Soup version 0.32-a0-685-g93135e86f0 (console) character file.

Game seed: 2951474096994491659

1723 zenocrate the Sneak (level 9, -3/58 HPs)
             Began as an Octopode Earth Elementalist on Mar 12, 2024.
             Slain by a hornet (13 damage)
             ... on level 7 of the Dungeon.
             The game lasted 00:10:00 (6346 turns).

zenocrate the Sneak (Octopode Earth Elementalist)   Turns: 6346, Time: 00:10:00

Health: -3/58      AC:  1    Str:  7    XL:     9   Next: 4%
Magic:  5/14       EV: 14    Int: 22    God:
Gold:   417        SH:  0    Dex: 12    Spells: 4/15 levels left

rFire   . . .        a - +7 Throatcutter {drain, coup de grace}
rCold   . . .        (no shield)
rNeg    . . .        (helmet restricted)
rPois   .            m - amulet of regeneration
rElec   .            (no ring)
rCorr   .            (no ring)
SInv    .            (no ring)
Will    .....        (no ring)
Stlth   ++++         (no ring)
HPRegen 1.09/turn    (no ring)
MPRegen 0.14/turn    (no ring)
                     (no ring)

%: no passive effects
@: lethally poisoned (-3 -> -4), slowed, very slow
A: almost no armour, amphibious, 8 rings, camouflage 1, gelatinous body 1,
(nimble swimmer 1), tentacles
a: no special abilities


You were on level 7 of the Dungeon.
You visited 2 branches of the dungeon, and saw 8 of its levels.
You also visited: Sewer.

You collected 417 gold pieces.

Inventory:

Hand Weapons
 a - the +7 Throatcutter (weapon) {drain, coup de grace}
   (You found it on level 4 of the Dungeon)
Magical Staves
 b - a staff of cold
Jewellery
 m - an amulet of regeneration (around mantle)
Wands
 s - a wand of charming (11)
 v - a wand of quicksilver (9)
 B - a wand of roots (8)
Scrolls
 g - 2 scrolls of enchant weapon
 j - 3 scrolls of teleportation
 n - 2 scrolls of fog {unknown}
 o - a scroll of blinking {unknown}
 p - 2 scrolls of enchant armour {unknown}
 q - 2 scrolls of fear
 r - a scroll of torment {unknown}
 w - a scroll of identify {unknown}
 y - a scroll of summoning {unknown}
 A - a scroll of noise {unknown}
Potions
 c - 2 potions of degeneration {unknown}
 d - a potion of attraction {unknown}
 f - 3 potions of ambrosia {unknown}
 h - a potion of magic
 i - 2 potions of haste {unknown}
 k - a potion of lignification {unknown}
 l - a potion of berserk rage {unknown}
 t - a potion of mutation {unknown}
 u - a potion of resistance {unknown}
 x - a potion of brilliance {unknown}
 z - a potion of cancellation {unknown}


   Skills:
 + Level 3.7 Fighting
 + Level 2.4 Long Blades
 + Level 4.6 Dodging
 + Level 6.2 Stealth
 - Level 2.2 Unarmed Combat
 + Level 3.9 Spellcasting
 + Level 3.7 Conjurations
 * Level 5.7 Earth Magic
 + Level 3.0 Evocations


You had 4 spell levels left.
You knew the following spells:

 Your Spells              Type           Power      Damage    Failure   Level
a - Stone Arrow           Conj/Erth      50%        3d10      4%          3
b - Sandblast             Erth           58%        2d13      1%          1
c - Cause Fear            Hex            2%         N/A       75%         4
z - Passwall              Erth           29%        N/A       3%          3

Your spell library contained the following spells:

 Spells                   Type           Power      Damage    Failure   Level
 Sting                    Conj/Alch      48%        1d6       5%          1
 Brom's Barrelling Bould  Conj/Erth      25%        2d5       16%         4
 Mercury Vapours          Alch/Air       8%         N/A       17%         2
 Petrify                  Alch/Erth      17%        N/A       34%         4
 Anguish                  Hex/Necr       2%         N/A       75%         4
 Manifold Assault         Tloc           4%         N/A       75%         4
 Olgreb's Toxic Radiance  Alch           4%         N/A       75%         4
 Dispersal                Tloc           2%         N/A       100%        6
 Enfeeble                 Hex            2%         N/A       100%        7
 Disjunction              Tloc           2%         N/A       100%        8


Dungeon Overview and Level Annotations

Branches:
Dungeon (7/15)             Temple (1/1) D:4           Sewer (visited)

Altars:
Cheibriados
Dithmenos
Elyvilon
Hepliaklqana
Kikubaaqudgha
Makhleb
Nemelex Xobeh
Qazlal
Sif Muna
Trog
Uskayaw
Vehumet
Wu Jian
Xom
Yredelemnul
Zin
The Shining One

Shops:
D:5 *


Innate Abilities, Weirdness & Mutations

You cannot wear most types of armour.
You are amphibious.
You can wear up to eight rings at the same time.
Your skin changes colour to match your surroundings (Stealth+).
Your rubbery body absorbs attacks. (AC +1, EV +1)
((You are camouflaged when in or above water. (Stealth+)))
You have tentacles for arms and can constrict up to eight enemies at once.


Message History

You assume a fearsome visage.
The hornet looks frightened!
* * * LOW HITPOINT WARNING * * *
You feel very sick.
You feel much better.
You feel very sick.
You feel sick.
Found a fizzy yellow potion.
You feel sick.
You now have 417 gold pieces (gained 9).
You feel sick.
You feel sick.
You are no longer poisoned.
You feel yourself speed up.
A hornet is nearby!
Casting: Stone Arrow (dangerous; 4% risk of failure)
Confirm with . or Enter, or press ? or * to list all spells.
Aiming: Stone Arrow (dangerous; 4% risk of failure)
Press: ? - help, Shift-Dir - straight line, f/p - hornet
Aim: a hornet (moderately wounded, 57% to hit)
The stone arrow misses the hornet.
Casting: Stone Arrow (dangerous; 4% risk of failure)
Confirm with . or Enter, or press ? or * to list all spells.
Aiming: Stone Arrow (dangerous; 4% risk of failure)
Press: ? - help, Shift-Dir - straight line, f/p - hornet
Aim: a hornet (moderately wounded, 57% to hit)
The stone arrow misses the hornet.
The hornet stings you!
You feel yourself slow down. The hornet stings you!
You are poisoned.
You feel as though you will be slow longer.
Unknown command.
Casting: Stone Arrow (dangerous; 4% risk of failure)
Confirm with . or Enter, or press ? or * to list all spells.
Aiming: Stone Arrow (dangerous; 4% risk of failure)
Press: ? - help, Shift-Dir - straight line, f/p - hornet
Aim: a hornet (moderately wounded, 57% to hit)
The stone arrow misses the hornet.
You feel very sick. The hornet stings you.
* * * LOW HITPOINT WARNING * * *
You feel as though you will be slow longer.
The hornet stings you!
You die...

### #.# #.# ##.####
###...... ###....#
#...##.##### ..
#####..........##..#
##.....####...@.....#
###..#####
#.##y###...! ....##
#.##.# # #.###
............... #.#
####.##.###..## #.
#.# #####.##.# # #.#
#.# ##......... #.#
..## #......##.#
#.##### #.# ...#
#......##.. ..
...######.# ..<#
#......####.#.
#......#.#
...##.##......#
#.#.###......#.#


You could see a hornet.

Vanquished Creatures
  Sigmund (D:2)
  Pargi (Sewer)
  A black bear (D:5)
  2 sky beasts (D:7)
  A phantom (D:7)
  2 kobold brigands (D:4)
  A brain worm (Sewer)
  2 scorpions (D:5)
  A bullfrog (D:7)
  4 hounds
  A jelly (D:6)
  An orc priest (D:7)
  2 bombardier beetles
  A gnoll bouda (D:6)
  An iguana (D:6)
  2 sleepcaps
  An orc wizard (D:6)
  7 gnolls (D:6)
  12 adders
  A shadow imp (D:5)
  A white imp (D:6)
  4 ufetubi
  6 dart slugs
  2 ribbon worms
  22 orcs
  5 bats
  3 endoplasms (D:1)
  4 giant cockroaches
  5 goblins
  7 hobgoblins
  5 jackals (D:1)
  16 kobolds
  4 quokkas
  10 ball pythons
  9 frilled lizards
  6 rats
154 creatures vanquished.

Notes
Turn   | Place    | Note
-------+----------+-------------------------------------------
     0 | D:1      | zenocrate the Octopode Earth Elementalist began the quest
                  | for the Orb.
     0 | D:1      | Reached XP level 1. HP: 11/11 MP: 3/3
   174 | D:1      | Reached XP level 2. HP: 17/17 MP: 1/5
   271 | D:1      | Found a faded altar of an unknown god.
   316 | D:1      | Reached skill level 3 in Stealth
   374 | D:1      | Reached skill level 1 in Unarmed Combat
   374 | D:1      | Reached XP level 3. HP: 20/22 MP: 1/6
   379 | D:1      | Learned a level 3 spell: Stone Arrow
   637 | D:1      | Reached skill level 1 in Fighting
  1099 | D:2      | Reached XP level 4. HP: 28/28 MP: 5/7
  1132 | D:2      | Noticed Sigmund
  1137 | D:2      | Killed Sigmund
  1138 | D:2      | Reached XP level 5. HP: 14/34 MP: 3/8
  1491 | D:2      | Reached XP level 6. HP: 39/39 MP: 7/9
  1495 | D:2      | Learned a level 3 spell: Passwall
  1657 | D:2      | Reached skill level 4 in Stealth
  1986 | D:3      | Found a radiant altar of Vehumet.
  2716 | D:4      | Found the +7 Throatcutter {drain, coup de grace}
  2924 | D:4      | Reached XP level 7. HP: 39/45 MP: 1/11
  3272 | D:4      | Found a glowing drain.
  3283 | Sewer    | Entered a sewer
  3328 | Sewer    | Reached skill level 1 in Evocations
  3428 | Sewer    | Noticed Pargi
  3436 | Sewer    | Killed Pargi
  3533 | Sewer    | Learned a level 4 spell: Cause Fear
  3560 | D:4      | Found a staircase to the Ecumenical Temple.
  3649 | Temple   | Entered the Ecumenical Temple
  3769 | D:4      | Found a shimmering altar of Xom.
  3769 | D:4      | Found a snail-covered altar of Cheibriados.
  3894 | D:5      | Entered Level 5 of the Dungeon
  3894 | D:5      | Noticed a green death
  3894 | D:5      | Found a burning altar of Makhleb.
  3977 | D:5      | Reached skill level 1 in Long Blades
  4070 | D:5      | Found Zin's Purification Station.
  4073 | D:5      | Found a glowing silver altar of Zin.
  4078 | D:5      | Reached skill level 5 in Stealth
  4306 | D:5      | Reached XP level 8. HP: 18/51 MP: 5/12
  4310 | D:5      | HP: 2/51 [quokka (3)]
  4882 | D:5      | Reached skill level 5 in Earth Magic
  5633 | D:6      | Found a stormy altar of Qazlal.
  6136 | D:7      | Found a hazy altar of Hepliaklqana.
  6150 | D:7      | Reached skill level 6 in Stealth
  6269 | D:7      | Reached XP level 9. HP: 57/57 MP: 14/14
  6315 | D:7      | Noticed a hornet
  6318 | D:7      | Paralysed by a hornet for 1 turns
  6323 | D:7      | HP: 1/58 [poisoned by a hornet]
  6346 | D:7      | Slain by a hornet

Illustrated notes

Levels and vault maps discovered:
D:1:      dpeg_arrival_erosion, layout_basic, basic_ecumenical_altar,
          supply_closet_lemuel
D:2:      layout_basic, uniq_sigmund
D:3:      layout_basic, fiery_altar_vehumet
D:4:      minmay_door_path, layout_rooms, gammafunk_temple_overflow_wave,
          temple_pool_b, portal_sewer_entry_d, hangedman_abyss_or_decor_slice,
          mrwooster_statue_mirror, dilly_guarded_unrand_throatcut
D:5:      layout_basic, makhleb_altar_promises_db, zin_purify, serial_glass,
          glass_columns_a, glass_columns_a, fountainhead, corexii_hall_statues_x
D:6:      layout_cave_pools, nicolae_qazlal_general_emergency
D:7:      layout_basic, nicolae_ru_great_annihilating_truth,
          amcnicky_altar_gilded
Temple:   hellmonk_temple_flake

Skill      XL: |  1  2  3  4  5  6  7  8  9 |
---------------+----------------------------+-----
Stealth        | 3 4 5 6 |  6.2
Unarmed Combat | 1 2 |  2.2
Fighting       | 1 2 3 |  3.7
Dodging        | 3 4 |  4.6
Conjurations   | 2 3 |  3.7
Earth Magic    | 4 5 |  5.7
Spellcasting   | 3 |  3.9
Evocations     | 1 2 3 |  3.0
Long Blades    | 1 2 |  2.4

Action                     |  1- 3 |  4- 6 |  7- 9 || total
---------------------------+-------+-------+-------++-------
  Melee: Unarmed           |    23 |       |       ||    23
         Constrict         |     8 |     4 |    18 ||    30
         Tentacles         |     4 |     4 |    12 ||    20
         Quarterstaff      |       |     6 |       ||     6
         Staff             |       |    11 |       ||    11
         Long sword        |       |     1 |    76 ||    77
   Cast: Sandblast         |    36 |    50 |       ||    86
         Stone Arrow       |       |     5 |    58 ||    63
    Use: Scroll            |       |     3 |     3 ||     6
         Potion            |       |       |     7 ||     7
   Stab: Sleeping          |       |     1 |     8 ||     9
 Armour: Skin              |    13 |    19 |    98 ||   130
  Dodge: Dodged            |    17 |    22 |   109 ||   148

Table legend: (Time is in decaauts)
 A = Elapsed time spent in this place.
 B = Non-inter-level travel time spent in this place.
 C = Inter-level travel time spent in this place.
 D = Time resting spent in this place.
 E = Time spent auto-exploring this place.
 F = Levels seen in this place.
 G = Mean time per level.
                   A        B        C        D        E       F      G
               +--------+--------+--------+--------+--------+-----+--------+
         Total |   6425 |   6222 |    203 |      0 |   5255 |   9 |  713.9 |
       Dungeon |   6166 |   5963 |    203 |      0 |   5085 |   7 |  880.9 |
        Temple |      1 |      1 |      0 |      0 |      0 |   1 |    1.0 |
         Sewer |    257 |    257 |      0 |      0 |    170 |   1 |  257.0 |
               +--------+--------+--------+--------+--------+-----+--------+

Top non-repeatable levels by time:
     D:5: 1100 daAuts
     D:1: 1086 daAuts
     D:4: 1011 daAuts
     D:2: 906 daAuts
     D:6: 904 daAuts
     D:3: 687 daAuts
     D:7: 468 daAuts
   Sewer: 257 daAuts
  Temple: 1 daAuts
